 Dungeon Crawl Stone Soup version 0.28.0-1-gb440e238dd (webtiles) character file.

Game seed: 451077126432315444

37 bromine the Ruffian (level 3, 0/27 HPs)
             Began as a Demigod Transmuter on Feb 26, 2022.
             Slain by a giant cockroach (2 damage)
             ... on level 2 of the Dungeon.
             The game lasted 00:04:45 (1701 turns).

bromine the Ruffian (Demigod Transmuter)            Turns: 1701, Time: 00:04:45

Health: 0/27       AC:  0    Str: 15    XL:     3   Next: 7%
Magic:  6/8        EV: 12    Int: 15    God:
Gold:   20         SH:  0    Dex: 14    Spells: 2/5 levels left

rFire   . . .      SeeInvis .   f - +0 flail
rCold   . . .      Faith    .   (no shield)
rNeg    . . .      Spirit   .   (no armour)
rPois   .          Reflect  .   (no helmet)
rElec   .          Harm     .   (no cloak)
rCorr   .          Rampage  .   (no gloves)
Will    .....                   (no boots)
Stlth   +.........              (no amulet)
HPRegen 0.09/turn               (no ring)
MPRegen 0.11/turn               (no ring)

@: wereblooded
A: high MP 1, forlorn, divine attributes
a: no special abilities


You were on level 2 of the Dungeon.
You visited 1 branch of the dungeon, and saw 2 of its levels.

You collected 20 gold pieces.

Inventory:

Hand Weapons
 f - a +0 flail (weapon)
 i - a +0 falchion
Armour
 a - a +0 robe
 e - a +0 ring mail
Scrolls
 c - a scroll of fog
 d - a scroll of identify
 h - a scroll of torment {unknown}
Potions
 b - a potion of heal wounds {unknown}
 g - a potion of ambrosia


   Skills:
 + Level 0.9 Fighting
 + Level 0.3 Maces & Flails
 + Level 1.9 Dodging
 + Level 3.6 Unarmed Combat
 + Level 1.9 Spellcasting
 + Level 1.8 Transmutations


You had 2 spell levels left.
You knew the following spells:

 Your Spells              Type           Power      Damage    Failure   Level
a - Beastly Appendage     Tmut           14%        N/A       11%         1
b - Wereblood             Tmut           7%         N/A       16%         2

Your spell library contained the following spells:

 Spells                   Type           Power      Damage    Failure   Level
 Static Discharge         Conj/Air       1%         N/A       34%         2
 Spider Form              Tmut/Pois      4%         N/A       41%         3
 Ice Form                 Ice/Tmut       4%         N/A       83%         4
 Dispel Undead            Necr           1%         3d6       92%         4
 Sticky Flame             Conj/Fire      1%         2d3       92%         4


Dungeon Overview and Level Annotations

Branches:
Dungeon (2/15)


Innate Abilities, Weirdness & Mutations

You have an increased reservoir of magic. (+10% MP)
You shall have no god before yourself.
Your divine heritage dramatically boosts your attributes as you level up.


Message History

Found a murky grey potion.
The bat hits you. The goblin barely misses you. The endoplasm hits you.
The bat barely misses you. The adder barely misses you.
You sock the endoplasm!
You kill the endoplasm!
The bat closely misses you. The adder bites you. The goblin misses you.
The adder bites you. The goblin hits you with a +0 dagger.
You barely miss the giant cockroach. The bat closely misses you.
The adder bites you. The goblin hits you with a +0 dagger.
* * * LOW HITPOINT WARNING * * *
The giant cockroach bites you.
* * * LOW HITPOINT WARNING * * *
The adder barely misses you.
Sorry, you're not good enough to have a special ability.
Casting: Wereblood (safe; 16% risk of failure)
Confirm with . or Enter, or press ? or * to list all spells.
Your blood is infused with primal strength.
The adder bites you.
* * * LOW HITPOINT WARNING * * *
The giant cockroach closely misses you. The goblin barely misses you.
The bat barely misses you.
You barely miss the giant cockroach. The bat misses you.
The bat completely misses you. The adder completely misses you.
The giant cockroach barely misses you. The goblin closely misses you.
The adder barely misses you. The bat closely misses you.
The giant cockroach completely misses you.
The goblin closely misses you.
You hit the giant cockroach.
The giant cockroach is heavily wounded.
The bat barely misses you. The adder misses you.
The giant cockroach closely misses you. The bat hits you.
* * * LOW HITPOINT WARNING * * *
The goblin hits you with a +0 dagger.
* * * LOW HITPOINT WARNING * * *
The adder completely misses you. The giant cockroach closely misses you.
You hit the bat.
You feel a bit better.
You kill the bat!
The adder barely misses you. The goblin misses you.
The giant cockroach bites you.
You die...

#.....#
#.....#
#.....#
#..)..#
#.....#
#.....#
#.....#
##.#<.#
#@##.#
#SBg..#
#....!.....
#...........
#.....(.....
#...........
#...........
#...........


You could see an adder, a giant cockroach and a goblin.

Vanquished Creatures
  A gnoll (D:1)
  A dart slug (D:1)
  3 endoplasms
  A giant cockroach (D:1)
  7 goblins
  3 hobgoblins (D:1)
  2 kobolds (D:1)
  3 ball pythons (D:1)
  A bat (D:2)
  3 frilled lizards (D:1)
  A rat (D:1)
26 creatures vanquished.

Notes
Turn   | Place    | Note
-------+----------+-------------------------------------------
     0 | D:1      | bromine the Demigod Transmuter began the quest for the Orb.
     0 | D:1      | Reached XP level 1. HP: 15/15 MP: 5/5
    42 | D:1      | Reached skill level 3 in Unarmed Combat
   379 | D:1      | Reached XP level 2. HP: 21/22 MP: 7/7
   406 | D:1      | Learned a level 2 spell: Wereblood
   773 | D:1      | HP: 1/22 [giant cockroach (1)]
  1578 | D:1      | Reached XP level 3. HP: 26/27 MP: 8/8
  1700 | D:2      | HP: 1/27 [goblin (2)]
  1701 | D:2      | Slain by a giant cockroach

Illustrated notes

Levels and vault maps discovered:
D:1:      minmay_arrival_open_corners, layout_rooms, minmay_misc_feat_tower
D:2:      layout_rooms

Skill      XL: |  1 |
---------------+----+-----
Unarmed Combat | 3 |  3.6
Fighting       | |  0.9
Maces & Flails | |  0.3
Dodging        | |  1.9
Spellcasting   | |  1.9
Transmutations | |  1.8

Action                   || total
-------------------------++-------
Melee: Unarmed           ||    32
       Flail             ||    18
 Cast: Wereblood         ||     2
       Beastly Appendage ||     1
  Use: Potion            ||     1
       Scroll            ||     2
 Stab: Sleeping          ||     2
Armor: Ring mail         ||     3
       Robe              ||     1
Dodge: Dodged            ||    51
